 Dungeon Crawl Stone Soup version 0.26.1-11-gd32895ea62 (webtiles) character file.

Game seed: 16970005575410398538

2173 H0rd4k the Martial Artist (level 9, -3/55 HPs)
             Began as an Octopode Transmuter on May 26, 2021.
             Was an Initiate of Gozag.
             Killed from afar by Maggie (25 damage)
             ... with a bolt of fire
             ... while paralysed by Maggie
             ... on level 7 of the Dungeon.
             The game lasted 00:09:46 (10805 turns).

H0rd4k the Martial Artist (Octopode Transmuter)    Turns: 10805, Time: 00:09:47

Health: -3/55      AC:  1    Str: 10    XL:     9   Next: 32%
Magic:  16/16      EV:  2    Int: 17    God:    Gozag
Gold:   676        SH:  0    Dex: 13    Spells: 13/17 levels left

rFire    . . .     SeeInvis +     - Unarmed
rCold    . . .     Faith    .   (no shield)
rNeg     . . .     Spirit   .   (helmet restricted)
rPois    .         Reflect  .   (no amulet)
rElec    .         Harm     .   r - ring of see invisible
rCorr    .         Rampage  .   (no ring)
Will     .....                  (no ring)
Stlth    +++.......             (no ring)
HPRegen  0.18/turn              (no ring)
MPRegen  0.15/turn              (no ring)
                                (no ring)
                                (no ring)

@: paralysed, mesmerised
A: almost no armour, stealthy swim, amphibious, 8 rings, constrict 8, camouflage
1, gelatinous body 1
a: Renounce Religion, Potion Petition, Call Merchant, Bribe Branch


You were on level 7 of the Dungeon.
You worshipped Gozag.
Gozag was pleased with you.
You visited 2 branches of the dungeon, and saw 8 of its levels.

You collected 790 gold pieces.
You paid 114 gold pieces to Gozag.

Inventory:

Missiles
 c - 63 poisoned darts
Magical Staves
 n - an uncursed staff of death
 o - an uncursed staff of earth
Jewellery
 r - a ring of see invisible (left tentacle)
 A - an uncursed amulet of regeneration {unknown}
Wands
 k - a wand of flame (32)
Scrolls
 a - 3 scrolls of enchant weapon {unknown}
 b - 2 scrolls of amnesia {unknown}
 e - 12 scrolls of identify {unknown}
 f - 5 scrolls of teleportation {unknown}
 h - a scroll of blinking {unknown}
 j - 5 scrolls of remove curse {unknown}
 l - 2 scrolls of fear {unknown}
 m - 2 scrolls of noise {unknown}
 q - 3 scrolls of immolation {unknown}
 t - 2 scrolls of enchant armour {unknown}
 v - a scroll of random uselessness {unknown}
 w - a scroll of magic mapping {unknown}
 y - a scroll of fog {unknown}
Potions
 d - 4 potions of heal wounds {unknown}
 g - a potion of ambrosia
 i - a potion of degeneration {unknown}
 p - 2 potions of haste {unknown}
 s - a potion of curing
 u - a potion of resistance
 x - a potion of magic {unknown}
 z - a potion of berserk rage {unknown}


   Skills:
 + Level 2.6 Fighting
 + Level 4.2 Dodging
 - Level 1.4 Stealth
 + Level 8.7 Unarmed Combat
 * Level 4.7 Spellcasting
 * Level 5.1 Transmutations
 + Level 3.5 Poison Magic


You had 13 spell levels left.
You knew the following spells:

 Your Spells              Type           Power        Failure   Level
a - Beastly Appendage     Tmut           42%          1%          1
b - Spider Form           Tmut/Pois      9%           8%          3

Your spell library contained the following spells:

 Spells                   Type           Power        Failure   Level
 Wereblood                Tmut           21%          2%          2
 Summon Small Mammal      Summ           16%          14%         1
 Call Imp                 Summ           4%           22%         2
 Call Canine Familiar     Summ           4%           41%         3
 Summon Guardian Golem    Hex/Summ       4%           41%         3
 Blade Hands              Tmut           10%          43%         5
 Ice Form                 Ice/Tmut       12%          45%         4
 Summon Ice Beast         Ice/Summ       4%           82%         4
 Summon Lightning Spire   Summ/Air       4%           82%         4


Dungeon Overview and Level Annotations

Branches:
Dungeon (7/15)             Temple (1/1) D:4

Altars:
Ashenzari
Cheibriados
Dithmenos
Elyvilon
Fedhas
Gozag
Hepliaklqana
Kikubaaqudgha
Nemelex Xobeh
Okawaru
Qazlal
Ru
Sif Muna
Trog
Uskayaw
Vehumet
Wu Jian
Yredelemnul
Zin
The Shining One

Annotations:
D:3 Grinder
D:4 2 transporters
D:5 2 runed translucent doors, exclusion: 2 doors, mahan's ghost, novice HOBe
D:7 Maggie


Innate Abilities, Weirdness & Mutations

You cannot wear most types of armour.
You are very stealthy in the water. (Stealth+)
You are amphibious.
You can wear up to eight rings at the same time.
You can use your tentacles to constrict eight enemies at once.
Your skin changes colour to match your surroundings (Stealth+).
Your rubbery body absorbs attacks. (AC +1, EV +1)


Message History

Aiming: Throw Flame
Press: ? - help, Shift-Dir - straight line, f/p - Maggie
Aim: Maggie, wielding a +0 long sword of flaming, wearing +0 steam dragon scales and carrying a wand of paralysis (4) (almost dead, mesmerising, very poisoned, 32% to evade)
The puff of flame misses Maggie.
Maggie barely misses you.
Unknown command.
Aiming: Throw Flame
Press: ? - help, Shift-Dir - straight line, f/p - Maggie
Aim: Maggie, wielding a +0 long sword of flaming, wearing +0 steam dragon scales and carrying a wand of paralysis (4) (almost dead, mesmerising, very poisoned, 32% to evade)
The puff of flame misses Maggie.
Maggie zaps a wand.
You easily resist.
Unknown command.
Aiming: Throw Flame
Press: ? - help, Shift-Dir - straight line, f/p - Maggie
Aim: Maggie, wielding a +0 long sword of flaming, wearing +0 steam dragon scales and carrying a wand of paralysis (3) (almost dead, mesmerising, very poisoned, 32% to evade)
The puff of flame hits Maggie but does no damage.
Maggie is almost dead.
Maggie zaps a wand.
You suddenly lose the ability to move!
Maggie points at you and mumbles some strange words.
The bolt of fire hits you!!
You die...
Your body crumbles into a pile of gold.

######## #......#
### ## # #.####.#
#.. ..# #.##....
#.#####.####.##.#.#
#.##......##.##.#.#
#.......#.##....(.#
#@##.#..#.#####.###
#.@..>....[.....###
#.##..#.#.#######..
#.##..#.#.#######.#
#...........<...#.#
#.......#.......#.#
##.#..#.#.......#..
#.#....#.......###
#.#.#..#.......# #
#.#..#.#.....#


You could see Maggie (mesmerising, very poisoned).

Vanquished Creatures
  Sigmund (D:2)
  Menkaure (D:6)
  A water moccasin (D:5)
  An orc warrior (D:6)
  A sky beast (D:7)
  2 ogres (D:5)
  A centaur (D:7)
  2 bullfrogs (D:6)
  2 scorpions
  A howler monkey (D:6)
  2 bullfrog zombies
  A jelly (D:6)
  2 orc wizards
  A bullfrog skeleton (D:5)
  4 orc priests
  5 hounds
  An iguana (D:4)
  8 worker ants
  A hound skeleton (D:4)
  Robin (D:3)
  13 adders
  7 gnolls
  A shadow imp (D:6)
  2 white imps
  3 ufetubi
  An ooze (D:4)
  An adder skeleton (D:5)
  An adder zombie (D:6)
  3 worms
  4 dart slugs
  6 leopard geckos
  25 orcs
  2 giant cockroaches
  22 goblins
  12 hobgoblins
  11 jackals
  2 quokkas (D:3)
  A ball python (D:1)
  11 bats
  9 frilled lizards
  7 kobolds
  A quokka zombie (D:5)
  10 rats
194 creatures vanquished.

Notes
Turn   | Place    | Note
-------+----------+-------------------------------------------
     0 | D:1      | H0rd4k the Octopode Transmuter began the quest for the Orb.
     0 | D:1      | Reached XP level 1. HP: 13/13 MP: 3/3
     2 | D:1      | Noticed an ogre
     4 | D:1      | Noticed a dwarf
     6 | D:1      | Noticed a vine stalker
     6 | D:1      | Noticed an elf
     8 | D:1      | Noticed a troll
     8 | D:1      | Noticed a human
    10 | D:1      | Noticed a draconian
    10 | D:1      | Noticed a naga
    12 | D:1      | Noticed a spriggan
    12 | D:1      | Noticed a felid
    14 | D:1      | Noticed a demigod
    16 | D:1      | Noticed a ghoul
    16 | D:1      | Noticed a formicid
    19 | D:1      | Noticed a merfolk
    19 | D:1      | Noticed a vampire
    21 | D:1      | Noticed a minotaur
    21 | D:1      | Noticed a gargoyle
    23 | D:1      | Noticed a demonspawn
    23 | D:1      | Noticed a centaur
    25 | D:1      | Noticed a tengu
    27 | D:1      | Noticed an octopode
    27 | D:1      | Noticed a halfling
    37 | D:1      | Reached skill level 1 in Stealth
   265 | D:1      | Reached XP level 2. HP: 4/18 MP: 5/5
  1295 | D:1      | Reached XP level 3. HP: 23/23 MP: 6/6
  1849 | D:1      | Learned a level 3 spell: Spider Form
  1858 | D:2      | Reached skill level 4 in Unarmed Combat
  2162 | D:1      | Reached XP level 4. HP: 23/28 MP: 7/7
  2737 | D:2      | Found an iron altar of Okawaru.
  2798 | D:2      | Reached skill level 1 in Poison Magic
  2819 | D:2      | Reached XP level 5. HP: 15/33 MP: 8/8
  4126 | D:3      | Noticed Robin
  4296 | D:3      | Noticed Sigmund
  4505 | D:2      | HP: 1/33 [Sigmund/puff of flame (5)]
  4513 | D:2      | Killed Sigmund
  4514 | D:2      | Reached skill level 5 in Unarmed Combat
  4514 | D:2      | Reached XP level 6. HP: 27/38 MP: 6/10
  4689 | D:3      | Noticed Grinder
  4716 | D:3      | Killed Robin
  4790 | D:3      | You fall into a shaft and drop 2 floors!
  4790 | D:5      | Entered Level 5 of the Dungeon
  4945 | D:5      | Reached XP level 7. HP: 40/43 MP: 8/11
  4951 | D:5      | Found a large runed translucent door.
  4951 | D:5      | Found a large runed translucent door.
  4951 | D:5      | Noticed mahan's ghost (novice HOBe)
  4975 | D:5      | Reached skill level 6 in Unarmed Combat
  5763 | D:5      | Reached XP level 8. HP: 44/50 MP: 13/13
  6534 | D:4      | Found a staircase to the Ecumenical Temple.
  6550 | Temple   | Entered the Ecumenical Temple
  6922 | Temple   | Became a worshipper of Gozag Ym Sagoz the Greedy
  7067 | D:4      | Reached skill level 7 in Unarmed Combat
  7230 | D:4      | Found a transporter.
  7471 | D:4      | Found a transporter.
  7598 | D:4      | Found a glowing golden altar of the Shining One.
  7912 | D:4      | Found a basalt altar of Yredelemnul.
  8050 | D:4      | Found a white marble altar of Elyvilon.
  8734 | D:6      | Found the +1 cloak of Starlight {*Dazzle EV+4 Stlth--}
  9075 | D:6      | Found a broken altar of Ashenzari.
  9248 | D:6      | Reached skill level 8 in Unarmed Combat
  9248 | D:6      | Reached XP level 9. HP: 29/55 MP: 15/15
  9674 | D:6      | Found a blossoming altar of Fedhas.
  9872 | D:6      | Noticed Menkaure
  9881 | D:6      | Killed Menkaure
 10389 | D:7      | Reached skill level 5 in Transmutations
 10783 | D:7      | Noticed Maggie
 10785 | D:7      | Paralysed by Maggie for 7 turns
 10804 | D:7      | Paralysed by Maggie for 7 turns
 10805 | D:7      | Killed from afar by Maggie

Illustrated notes

Levels and vault maps discovered:
D:1:      kb_arrival_jail, layout_basic, minmay_split_cup_small
D:2:      minmay_angry_zag, layout_basic, okawaru_trees_1
D:3:      layout_rooms, grunt_temple_overflow_champion_of_chaos, dk_vineyard_2,
          uniq_grinder, uniq_sigmund, uniq_robin
D:4:      gammafunk_cloud_chamber, layout_loops_ring, kennysheep_ying_yang,
          temple_hall, tso_metal_star
D:5:      layout_loops_ring, ebering_ghost_disaster_area, minmay_joined_circles
D:6:      layout_loops_ring, old_standard_altar, fedhas_altar_fruit_tree,
          uniq_menkaure
D:7:      layout_loops_cross, kennysheep_little_box,
          chequers_serial_rivers_micro_a, fountainhead, uniq_maggie
Temple:   minmay_temple_curvy_branch

Skill      XL: |  1  2  3  4  5  6  7  8  9 |
---------------+----------------------------+-----
Stealth        | 1 |  1.4
Unarmed Combat | 4 5 6 8 |  8.7
Poison Magic   | 1 2 3 |  3.5
Spellcasting   | 3 4 |  4.7
Transmutations | 3 4 5 |  5.1
Dodging        | 3 4 |  4.2
Fighting       | 2 |  2.6

Action                   |  1- 3 |  4- 6 |  7- 9 || total
-------------------------+-------+-------+-------++-------
Melee: Unarmed           |    77 |   183 |   287 ||   547
       Constrict         |    16 |    34 |    40 ||    90
       Tentacles         |     5 |    20 |    31 ||    56
       Punch             |     3 |     3 |     9 ||    15
 Cast: Spider Form       |       |     5 |    19 ||    24
Evoke: Wand              |       |       |     7 ||     7
  Use: Potion            |       |     2 |     1 ||     3
 Stab: Sleeping          |     5 |    16 |    12 ||    33
       Distracted        |     1 |       |       ||     1
Armor: Skin              |     2 |    18 |     9 ||    29
Dodge: Dodged            |    24 |   135 |   191 ||   350
